 Dungeon Crawl Stone Soup version 0.27-a0-1188-g73eefd5def (webtiles) character file.

Game seed: 16732052583965505229

114 flotson the Covert (level 4, -2/39 (41) HPs)
             Began as a Gnoll Delver on May 20, 2021.
             Slain by Crazy Yiuf
             ... wielding a +3 quarterstaff of chaos
              (9 damage)
             ... while petrified by Crazy Yiuf
             ... on level 2 of the Dungeon.
             The game lasted 00:03:39 (2508 turns).

flotson the Covert (Gnoll Delver)                   Turns: 2508, Time: 00:03:40

HP:   -2/39 (41)    AC:  8    Str: 13    XL:     4   Next: 98%
MP:   5/5           EV:  2    Int:  9    God:
Gold: 110           SH:  0    Dex: 13    Spells: 5/5 levels left

rFire    . . .     SeeInvis .   a - +0 morningstar
rCold    . . .     Faith    .   (no shield)
rNeg     + + +     Spirit   .   f - +0 scale mail
rPois    ∞         Reflect  .   (no helmet)
rElec    .         Harm     .   (no cloak)
rCorr    .         Rampage  .   u - +0 pair of gloves
Will     .....                  s - +0 pair of boots
Stlth    +++.......             (no amulet)
HPRegen  0.13/turn              (no ring)
MPRegen  0.09/turn              (no ring)

@: petrified, lightly drained
A: fangs 1, strong nose, distributed training
a: no special abilities


You were on level 2 of the Dungeon.
You visited 1 branch of the dungeon, and saw 5 of its levels.

You collected 110 gold pieces.

Inventory:

Hand Weapons
 a - a +0 morningstar (weapon)
Missiles
 n - 20 poisoned darts (quivered)
Armour
 f - a +0 scale mail (worn)
 s - a +0 pair of boots (worn)
 u - a +0 pair of gloves (worn)
Wands
 g - a wand of digging (3)
Scrolls
 c - a scroll of fog
 d - a scroll of magic mapping
 e - a scroll of fear
 h - a scroll of holy word {unknown}
 m - a scroll of identify {unknown}
 o - 3 scrolls of amnesia {unknown}
 p - a scroll of vulnerability {unknown}
 q - a scroll of immolation {unknown}
 v - a scroll of enchant weapon {unknown}
Potions
 b - a potion of haste
 i - 2 potions of curing {unknown}
 j - a potion of lignification {unknown}
 k - a potion of heal wounds {unknown}
 l - a potion of flight {unknown}
 r - a potion of attraction {unknown}
 t - a potion of magic {unknown}


   Skills:
 + Level 6.6 Fighting
 + Level 1.3 Short Blades
 + Level 1.3 Long Blades
 + Level 1.3 Axes
 + Level 1.3 Maces & Flails
 + Level 4.7 Polearms
 + Level 1.3 Staves
 + Level 1.3 Slings
 + Level 1.3 Bows
 + Level 1.3 Crossbows
 + Level 1.3 Throwing
 + Level 1.3 Armour
 + Level 4.7 Dodging
 + Level 9.6 Stealth
 + Level 1.3 Shields
 + Level 1.3 Unarmed Combat
 + Level 1.3 Spellcasting
 + Level 1.0 Conjurations
 + Level 1.0 Hexes
 + Level 1.0 Summonings
 + Level 1.0 Necromancy
 + Level 1.0 Translocations
 + Level 1.0 Transmutations
 + Level 1.0 Fire Magic
 + Level 1.0 Ice Magic
 + Level 1.0 Air Magic
 + Level 1.0 Earth Magic
 + Level 1.0 Poison Magic
 + Level 1.4 Invocations
 + Level 1.3 Evocations


You had 5 spell levels left.
You didn't know any spells.
Your spell library was empty.

Dungeon Overview and Level Annotations

Branches:
Dungeon (5/15)
 Temple: D:4-7

Altars:

Annotations:
D:2 Crazy Yiuf


Innate Abilities, Weirdness & Mutations

You have very sharp teeth.
Your uncanny sense of smell can sniff out nearby items.
Your experience applies equally to all skills.


Message History

a +0 club; a goblin corpse
Things that are here:
a +0 club; 5 stones You open the door.
Crazy Yiuf shouts!
Crazy Yiuf twirls on the spot.
Throw: 21 darts (poison)
Press: ? - help, Q - select action Shift-Dir - straight line, f - Crazy Yiuf
Aim: Crazy Yiuf, wielding a +3 quarterstaff of chaos and wearing a +1 cloak of stealth (63% to hit)
You throw a poisoned dart. The poisoned dart hits Crazy Yiuf.
Crazy Yiuf is poisoned.
Crazy Yiuf says, "Crazy?
Crazy!?
PORCUPINE!"
Crazy Yiuf hits you but does no damage.
You are slowing down.
Okay, then.
Unknown command.
Unknown command.
You sock Crazy Yiuf!
Crazy Yiuf is heavily wounded.
Crazy Yiuf hits you with a +3 quarterstaff of chaos!
You feel drained.
Crazy Yiuf laughs, "Nubble down toodlewoodle!"
Crazy Yiuf hits you with a +3 quarterstaff of chaos.
Crazy Yiuf draws strength from your wounds!
You have turned to stone.
Crazy Yiuf looks more healthy.
Crazy Yiuf completely misses you.
Crazy Yiuf hits you with a +3 quarterstaff of chaos!
Space warps horribly around you!
Crazy Yiuf hits you with a +3 quarterstaff of chaos!
Crazy Yiuf burns you. Crazy Yiuf completely misses you.
Crazy Yiuf cries, "You leg down broken song, no?"
Crazy Yiuf hits you with a +3 quarterstaff of chaos.
* * * LOW HITPOINT WARNING * * *
Crazy Yiuf hits you with a +3 quarterstaff of chaos.
* * * LOW HITPOINT WARNING * * *
Crazy Yiuf hits you with a +3 quarterstaff of chaos.
* * * LOW HITPOINT WARNING * * *
You are electrocuted!!
You die...

##..#####.#
#....# #.#
♣....♣ #.#
♣...♣♣ #.#
♣♣.♣♣ #.# ♣.♣♣
#.# ♣♣.♣ #.####
♣.♣♣ #....##
♣♣@♣ #.....##
#g# #......#
... #......# ##
#...# #......#
#. #..)#
#......# #.
#####
#......####.
#.....###...
####......####.
#.........# #.


You could see Crazy Yiuf.

Vanquished Creatures
  Terence (D:2)
  An adder (D:2)
  3 worms (D:2)
  2 dart slugs (D:1)
  4 endoplasms
  4 giant cockroaches (D:1)
  10 goblins
  6 hobgoblins
  9 jackals (D:1)
  7 kobolds
  4 quokkas
  2 ball pythons
  A bat (D:1)
  3 frilled lizards
  2 rats
59 creatures vanquished.

Notes
Turn   | Place    | Note
-------+----------+-------------------------------------------
     0 | D:5      | Reached skill level 9 in Stealth
     0 | D:5      | flotson the Gnoll Delver began the quest for the Orb.
     0 | D:5      | Reached XP level 1. HP: 23/23 MP: 1/1
   154 | D:1      | Reached XP level 2. HP: 24/29 MP: 2/2
   462 | D:1      | Reached XP level 3. HP: 35/35 MP: 3/3
   926 | D:1      | Reached skill level 1 in Invocations
  1217 | D:1      | Reached skill level 1 in Short Blades
  1217 | D:1      | Reached skill level 1 in Long Blades
  1217 | D:1      | Reached skill level 1 in Axes
  1217 | D:1      | Reached skill level 1 in Maces & Flails
  1217 | D:1      | Reached skill level 1 in Staves
  1217 | D:1      | Reached skill level 1 in Slings
  1217 | D:1      | Reached skill level 1 in Bows
  1217 | D:1      | Reached skill level 1 in Crossbows
  1217 | D:1      | Reached skill level 1 in Throwing
  1217 | D:1      | Reached skill level 1 in Armour
  1217 | D:1      | Reached skill level 1 in Shields
  1217 | D:1      | Reached skill level 1 in Unarmed Combat
  1217 | D:1      | Reached skill level 1 in Spellcasting
  1217 | D:1      | Reached skill level 1 in Evocations
  1470 | D:2      | Noticed Terence
  1482 | D:2      | Killed Terence
  1483 | D:2      | Reached XP level 4. HP: 41/41 MP: 5/5
  1763 | D:2      | Found a runed translucent door.
  1764 | D:2      | Noticed Crazy Yiuf
  1836 | D:2      | Reached skill level 1 in Conjurations
  1836 | D:2      | Reached skill level 1 in Hexes
  1836 | D:2      | Reached skill level 1 in Summonings
  1836 | D:2      | Reached skill level 1 in Necromancy
  1836 | D:2      | Reached skill level 1 in Translocations
  1836 | D:2      | Reached skill level 1 in Transmutations
  1836 | D:2      | Reached skill level 1 in Fire Magic
  1836 | D:2      | Reached skill level 1 in Ice Magic
  1836 | D:2      | Reached skill level 1 in Air Magic
  1836 | D:2      | Reached skill level 1 in Earth Magic
  1836 | D:2      | Reached skill level 1 in Poison Magic
  2508 | D:2      | Slain by Crazy Yiuf

Illustrated notes

Levels and vault maps discovered:
D:1:      eino_arrival_cavern_b, layout_loops_corners,
          chequers_serial_rivers_marsh, kennysheep_decorative_pillar,
          chequers_serial_rivers_micro_e, chequers_serial_rivers_small_b,
          hex_large
D:2:      layout_rooms, minmay_unequal, uniq_terence, uniq_crazy_yiuf_cottage
D:3:      layout_rooms, lemuel_doored_altar, uniq_grinder
D:4:      layout_loops_ring
D:5:      layout_layer_cave, gammafunk_ghost_icy, dk_noncrumbling_2,
          uniq_blork_the_orc, uniq_sigmund

Skill      XL: |  1  2  3  4 |
---------------+-------------+-----
Stealth        | |  9.6
Invocations    | 1 |  1.4
Short Blades   | 1 |  1.3
Long Blades    | 1 |  1.3
Axes           | 1 |  1.3
Maces & Flails | 1 |  1.3
Staves         | 1 |  1.3
Slings         | 1 |  1.3
Bows           | 1 |  1.3
Crossbows      | 1 |  1.3
Throwing       | 1 |  1.3
Armour         | 1 |  1.3
Shields        | 1 |  1.3
Unarmed Combat | 1 |  1.3
Spellcasting   | 1 |  1.3
Evocations     | 1 |  1.3
Conjurations   | 1 |  1.0
Hexes          | 1 |  1.0
Summonings     | 1 |  1.0
Necromancy     | 1 |  1.0
Translocations | 1 |  1.0
Transmutations | 1 |  1.0
Fire Magic     | 1 |  1.0
Ice Magic      | 1 |  1.0
Air Magic      | 1 |  1.0
Earth Magic    | 1 |  1.0
Poison Magic   | 1 |  1.0
Fighting       | |  6.6
Polearms       | |  4.7
Dodging        | |  4.7

Action                   |  1- 3 |  4- 6 || total
-------------------------+-------+-------++-------
Melee: Spear             |   170 |       ||   170
       Bite              |     5 |     8 ||    13
       Morningstar       |       |    71 ||    71
Throw: Dart              |     2 |     6 ||     8
  Use: Potion            |     1 |       ||     1
 Stab: Sleeping          |    16 |     1 ||    17
Armor: Leather armour    |     7 |       ||     7
       Ring mail         |    22 |       ||    22
       Scale mail        |       |    39 ||    39
Dodge: Dodged            |    79 |    31 ||   110

Table legend: (Time is in decaauts)
 A = Elapsed time spent in this place.
 B = Non-inter-level travel time spent in this place.
 C = Inter-level travel time spent in this place.
 D = Time resting spent in this place.
 E = Time spent auto-exploring this place.
 F = Levels seen in this place.
 G = Mean time per level.
                   A        B        C        D        E       F      G
               +--------+--------+--------+--------+--------+-----+--------+
         Total |   2509 |   2494 |     15 |      0 |   1932 |   5 |  501.8 |
       Dungeon |   2509 |   2494 |     15 |      0 |   1932 |   5 |  501.8 |
               +--------+--------+--------+--------+--------+-----+--------+

Top non-repeatable levels by time:
     D:1: 1400 daAuts
     D:2: 1073 daAuts
     D:5: 16 daAuts
     D:3: 13 daAuts
     D:4: 5 daAuts
